[ AOE2 MATCH · #482132289 ]
Team RMCelts vs Franks
[ REPLAY ANALYSIS · EXTRACTED FROM THE RECORDED GAME ]
Feudal
13:31
Castle
23:12
Imperial
37:54
| APM avg | 18.3 |
| APM peak | 63 |
| eAPM avg | 14.8 |
| Villagers / military | 124 / 303 |
Focus
⚔️ 49.9% · 🌾 50.1%
Spearman ×176 · Mangonel ×49 · Woad Raider ×39 · Scorpion ×24 · Trade Cart ×16 · Trebuchet (Packed) ×11
Feudal
11:58
Castle
23:47
Imperial
42:22
| APM avg | 19.6 |
| APM peak | 62 |
| eAPM avg | 10.0 |
| Villagers / military | 85 / 224 |
Focus
⚔️ 26.9% · 🌾 73.1%
Throwing Axeman ×138 · Scout Cavalry ×59 · Knight ×21 · Trade Cart ×20 · Trebuchet (Packed) ×6
Feudal
23:30
Castle
29:44
Imperial
43:15
| APM avg | 14.5 |
| APM peak | 57 |
| eAPM avg | 12.0 |
| Villagers / military | 107 / 307 |
Focus
⚔️ 49.8% · 🌾 50.2%
Spearman ×105 · Centurion ×104 · Militia ×96 · Trade Cart ×8 · Trebuchet (Packed) ×2
Feudal
14:46
Castle
23:37
Imperial
34:11
| APM avg | 24.7 |
| APM peak | 77 |
| eAPM avg | 16.2 |
| Villagers / military | 132 / 103 |
Focus
⚔️ 29.6% · 🌾 70.4%
Ballista Elephant ×64 · Scout Cavalry ×28 · Trade Cart ×11 · Archer ×3 · Trebuchet (Packed) ×3 · Petard ×3
Feudal
—
Castle
—
Imperial
—
| APM avg | 6.6 |
| APM peak | 32 |
| eAPM avg | 5.3 |
| Villagers / military | 38 / 28 |
Focus
⚔️ 20.4% · 🌾 79.6%
Knight ×17 · Organ Gun ×9 · Monk ×2
Feudal
10:40
Castle
22:23
Imperial
39:19
| APM avg | 14.8 |
| APM peak | 56 |
| eAPM avg | 12.0 |
| Villagers / military | 105 / 292 |
Focus
⚔️ 51.6% · 🌾 48.4%
Coustillier ×247 · Knight ×32 · Trade Cart ×28 · Flemish Militia ×10 · Trebuchet (Packed) ×3
Feudal
13:41
Castle
22:30
Imperial
37:25
| APM avg | 15.1 |
| APM peak | 49 |
| eAPM avg | 11.5 |
| Villagers / military | 135 / 196 |
Focus
⚔️ 33.7% · 🌾 66.3%
Fire Lancer ×164 · Unknown (1920) ×71 · Trade Cart ×60 · Unknown (1923) ×25 · Iron Pagoda ×15 · Monk ×12
Feudal
13:04
Castle
21:08
Imperial
41:11
| APM avg | 13.8 |
| APM peak | 53 |
| eAPM avg | 10.5 |
| Villagers / military | 218 / 498 |
Focus
⚔️ 32.5% · 🌾 67.5%
Camel Scout ×234 · Hand Cannoneer ×125 · Ghulam ×93 · Bombard Cannon ×37 · Trade Cart ×16 · Trebuchet (Packed) ×4
Match map
Resources at game start + every placement click. Thick line = wall · dashed box = detected house wall. 🟡 gold · ⚪ stone · 🟢 berries · 🔶 boar · ⭕ relic
Inputs per minute
— 429245220 - - Uzkutzz.
Build order — 429245220
First 150 of 618 actions detected
| 0:10 | Research | Loom |
| 0:13 | Create | Villager (Male) |
| 0:13 | Create | Villager (Male) |
| 0:13 | Create | Villager (Male) |
| 0:14 | Create | Villager (Male) |
| 0:19 | Build | House |
| 1:10 | Build | Palisade Wall |
| 1:32 | Build | Palisade Wall |
| 2:40 | Create | Villager (Male) |
| 2:40 | Create | Villager (Male) |
| 2:40 | Create | Villager (Male) |
| 2:41 | Create | Villager (Male) |
| 2:49 | Build | House |
| 3:18 | Create | Villager (Male) |
| 3:18 | Create | Villager (Male) |
| 3:19 | Create | Villager (Male) |
| 3:28 | Build | House |
| 3:30 | Build | House |
| 4:10 | Build | Palisade Wall |
| 4:39 | Create | Villager (Male) |
| 4:40 | Create | Villager (Male) |
| 4:40 | Create | Villager (Male) |
| 4:40 | Create | Villager (Male) |
| 4:40 | Create | Villager (Male) |
| 5:12 | Build | Mill |
| 5:57 | Build | Outpost |
| 6:14 | Create | Villager (Male) |
| 6:14 | Create | Villager (Male) |
| 6:15 | Create | Villager (Male) |
| 6:15 | Create | Villager (Male) |
| 6:15 | Create | Villager (Male) |
| 6:15 | Create | Villager (Male) |
| 6:49 | Create | Villager (Male) |
| 6:49 | Create | Villager (Male) |
| 6:50 | Create | Villager (Male) |
| 6:50 | Create | Villager (Male) |
| 6:50 | Create | Villager (Male) |
| 7:34 | Create | Villager (Male) |
| 7:34 | Create | Villager (Male) |
| 7:34 | Create | Villager (Male) |
| 7:35 | Create | Villager (Male) |
| 7:35 | Create | Villager (Male) |
| 8:06 | Create | Villager (Male) |
| 8:06 | Create | Villager (Male) |
| 9:05 | Create | Villager (Male) |
| 9:06 | Create | Villager (Male) |
| 9:06 | Create | Villager (Male) |
| 9:57 | Create | Villager (Male) |
| 10:04 | Create | Villager (Male) |
| 10:35 | Build | Lumber Camp |
| 10:56 | Create | Villager (Male) |
| 11:11 | Research | Feudal Age |
| 11:13 | Create | Villager (Male) |
| 11:13 | Create | Villager (Male) |
| 11:40 | Create | Villager (Male) |
| 12:02 | Build | House |
| 12:04 | Build | House |
| 12:06 | Build | House |
| 12:41 | Build | Mining Camp |
| 12:54 | Build | Farm |
| 13:31 | Age | Feudal Age |
| 13:32 | Build | Barracks |
| 13:40 | Create | Villager (Male) |
| 13:40 | Create | Villager (Male) |
| 13:41 | Create | Villager (Male) |
| 13:41 | Create | Villager (Male) |
| 14:42 | Build | Stone Wall |
| 14:55 | Create | Villager (Male) |
| 14:56 | Create | Villager (Male) |
| 15:48 | Create | Villager (Male) |
| 16:03 | Build | Blacksmith |
| 16:10 | Build | House |
| 17:44 | Build | Mining Camp |
| 18:14 | Build | Farm |
| 18:18 | Build | Farm |
| 18:51 | Build | Farm |
| 18:53 | Build | Farm |
| 19:02 | Build | Farm |
| 19:04 | Build | Farm |
| 19:33 | Build | Stable |
| 19:42 | Create | Villager (Male) |
| 19:43 | Create | Villager (Male) |
| 19:52 | Build | Farm |
| 20:27 | Research | Castle Age |
| 20:34 | Create | Villager (Male) |
| 20:34 | Create | Villager (Male) |
| 20:47 | Research | Double-Bit Axe |
| 21:03 | Research | Stone Mining |
| 21:17 | Build | Farm |
| 21:29 | Build | Farm |
| 21:43 | Build | Farm |
| 22:08 | Build | House |
| 22:09 | Build | House |
| 22:12 | Build | House |
| 22:13 | Build | House |
| 22:45 | Create | Villager (Male) |
| 22:45 | Create | Villager (Male) |
| 22:45 | Create | Villager (Male) |
| 22:46 | Create | Villager (Male) |
| 23:12 | Age | Castle Age |
| 23:19 | Build | Castle |
| 23:46 | Build | Town Center |
| 23:56 | Create | Villager (Male) |
| 23:57 | Create | Villager (Male) |
| 23:57 | Create | Villager (Male) |
| 24:32 | Build | Siege Workshop |
| 24:46 | Build | Siege Workshop |
| 24:59 | Create | Villager (Male) |
| 25:12 | Research | Horse Collar |
| 25:24 | Create | Villager (Male) |
| 25:24 | Create | Villager (Male) |
| 25:25 | Create | Villager (Male) |
| 25:25 | Create | Villager (Male) |
| 25:25 | Create | Villager (Male) |
| 25:25 | Create | Villager (Male) |
| 25:51 | Create | Villager (Male) |
| 25:52 | Create | Villager (Male) |
| 25:52 | Create | Villager (Male) |
| 25:52 | Create | Villager (Male) |
| 26:20 | Build | Monastery |
| 26:31 | Research | Gold Mining |
| 27:02 | Build | Stone Wall |
| 27:17 | Create | Villager (Male) |
| 27:17 | Create | Villager (Male) |
| 27:18 | Create | Villager (Male) |
| 27:18 | Create | Villager (Male) |
| 27:33 | Build | Town Center |
| 27:45 | Create | Mangonel |
| 27:45 | Create | Mangonel |
| 27:46 | Create | Mangonel |
| 28:08 | Create | Villager (Male) |
| 28:08 | Create | Villager (Male) |
| 28:08 | Create | Villager (Male) |
| 28:25 | Build | Farm |
| 28:27 | Build | Farm |
| 28:31 | Build | Farm |
| 28:34 | Build | Farm |
| 28:36 | Build | Farm |
| 28:43 | Create | Monk |
| 29:20 | Build | Stone Wall |
| 29:39 | Create | Mangonel |
| 29:39 | Create | Mangonel |
| 29:57 | Build | Lumber Camp |
| 30:04 | Build | Lumber Camp |
| 30:09 | Create | Villager (Male) |
| 30:10 | Create | Villager (Male) |
| 30:10 | Create | Villager (Male) |
| 30:10 | Create | Villager (Male) |
| 30:10 | Create | Villager (Male) |
| 30:11 | Create | Villager (Male) |
Build order — Uzkutzz.
First 150 of 350 actions detected
| 0:15 | Create | Villager (Male) |
| 0:15 | Create | Villager (Male) |
| 0:15 | Create | Villager (Male) |
| 0:20 | Build | House |
| 0:29 | Build | House |
| 0:40 | Create | Villager (Male) |
| 2:09 | Create | Villager (Male) |
| 2:33 | Build | Palisade Wall |
| 3:05 | Create | Villager (Male) |
| 3:14 | Create | Villager (Male) |
| 3:36 | Create | Villager (Male) |
| 3:49 | Research | Loom |
| 4:04 | Create | Villager (Male) |
| 4:30 | Build | Lumber Camp |
| 5:26 | Build | Mill |
| 6:06 | Create | Villager (Male) |
| 6:27 | Build | Palisade Wall |
| 6:32 | Create | Villager (Male) |
| 6:38 | Build | House |
| 9:48 | Research | Feudal Age |
| 11:58 | Build | Barracks |
| 11:58 | Age | Feudal Age |
| 12:20 | Build | Barracks |
| 12:27 | Create | Villager (Male) |
| 12:52 | Build | Mining Camp |
| 12:57 | Research | Wheelbarrow |
| 13:14 | Create | Villager (Male) |
| 13:35 | Build | Market |
| 13:37 | Create | Villager (Male) |
| 13:52 | Research | Double-Bit Axe |
| 14:03 | Build | Stable |
| 14:55 | Build | House |
| 15:34 | Create | Villager (Male) |
| 15:40 | Create | Villager (Male) |
| 16:02 | Build | Farm |
| 16:02 | Build | Farm |
| 16:02 | Build | Farm |
| 16:02 | Build | Farm |
| 16:03 | Build | Farm |
| 16:03 | Build | Farm |
| 16:03 | Build | Farm |
| 16:03 | Build | Farm |
| 16:26 | Build | Farm |
| 16:33 | Build | Farm |
| 16:36 | Create | Villager (Male) |
| 17:32 | Create | Villager (Male) |
| 17:40 | Create | Villager (Male) |
| 18:02 | Create | Villager (Male) |
| 18:30 | Build | Farm |
| 18:40 | Create | Villager (Male) |
| 18:59 | Build | Farm |
| 19:03 | Build | Farm |
| 19:10 | Build | Farm |
| 19:17 | Build | House |
| 19:26 | Build | Farm |
| 19:32 | Create | Scout Cavalry |
| 19:50 | Build | Farm |
| 20:05 | Build | House |
| 20:33 | Build | Farm |
| 20:42 | Build | Farm |
| 21:07 | Research | Castle Age |
| 21:23 | Build | Blacksmith |
| 21:31 | Create | Villager (Male) |
| 21:35 | Create | Scout Cavalry |
| 22:11 | Create | Scout Cavalry |
| 22:21 | Research | Forging |
| 23:11 | Build | Mining Camp |
| 23:47 | Age | Castle Age |
| 23:53 | Research | Iron Casting |
| 24:13 | Build | Town Center |
| 24:21 | Create | Villager (Male) |
| 24:21 | Create | Villager (Male) |
| 25:08 | Research | Husbandry |
| 25:19 | Research | Light Cavalry (upgrade) |
| 25:31 | Build | Stable |
| 25:42 | Create | Villager (Male) |
| 25:43 | Create | Villager (Male) |
| 25:58 | Create | Villager (Male) |
| 25:59 | Create | Villager (Male) |
| 26:35 | Build | Stable |
| 26:39 | Create | Villager (Male) |
| 26:40 | Create | Villager (Male) |
| 26:46 | Research | Hand Cart |
| 26:52 | Research | Scale Barding Armor |
| 27:05 | Research | Bow Saw |
| 27:13 | Create | Villager (Male) |
| 27:14 | Create | Villager (Male) |
| 27:23 | Research | Light Cavalry (upgrade) |
| 27:48 | Create | Villager (Male) |
| 27:48 | Create | Villager (Male) |
| 27:58 | Build | House |
| 28:00 | Build | House |
| 28:31 | Build | Farm |
| 28:46 | Create | Villager (Male) |
| 28:59 | Create | Trade Cart |
| 29:17 | Research | Gold Mining |
| 29:24 | Create | Villager (Male) |
| 29:24 | Create | Villager (Male) |
| 29:34 | Create | Villager (Male) |
| 29:35 | Create | Villager (Male) |
| 30:07 | Create | Villager (Male) |
| 30:07 | Create | Villager (Male) |
| 30:19 | Build | Town Center |
| 30:27 | Create | Villager (Male) |
| 30:29 | Create | Villager (Male) |
| 30:45 | Research | Stone Mining |
| 30:56 | Build | House |
| 31:02 | Build | House |
| 31:05 | Build | House |
| 31:10 | Build | House |
| 31:51 | Create | Knight |
| 31:56 | Create | Knight |
| 31:56 | Create | Knight |
| 32:14 | Create | Villager (Male) |
| 32:14 | Create | Villager (Male) |
| 32:16 | Create | Villager (Male) |
| 32:16 | Create | Villager (Male) |
| 32:23 | Research | Gold Shaft Mining |
| 32:26 | Create | Villager (Male) |
| 32:26 | Create | Villager (Male) |
| 33:11 | Build | Castle |
| 33:30 | Create | Villager (Male) |
| 33:30 | Create | Villager (Male) |
| 33:30 | Create | Villager (Male) |
| 33:34 | Create | Villager (Male) |
| 33:34 | Create | Villager (Male) |
| 33:34 | Create | Villager (Male) |
| 33:38 | Create | Villager (Male) |
| 33:39 | Create | Villager (Male) |
| 33:48 | Research | Chain Barding Armor |
| 34:27 | Create | Trade Cart |
| 35:02 | Build | Siege Workshop |
| 35:06 | Create | Villager (Male) |
| 35:07 | Create | Villager (Male) |
| 35:26 | Create | Scout Cavalry |
| 35:26 | Create | Scout Cavalry |
| 35:26 | Create | Scout Cavalry |
| 35:32 | Create | Villager (Male) |
| 35:39 | Build | Farm |
| 35:44 | Build | Farm |
| 35:44 | Build | Farm |
| 35:45 | Build | Farm |
| 35:45 | Build | Farm |
| 35:45 | Build | Farm |
| 35:57 | Build | Farm |
| 35:57 | Build | Farm |
| 36:23 | Build | Stable |
| 36:23 | Build | Stable |
| 36:23 | Build | Stable |
| 36:24 | Build | Stable |
Build order — GULF
First 150 of 590 actions detected
| 0:03 | Build | House |
| 0:04 | Build | House |
| 0:07 | Create | Villager (Male) |
| 0:08 | Create | Villager (Male) |
| 0:08 | Create | Villager (Male) |
| 0:08 | Create | Villager (Male) |
| 1:33 | Create | Villager (Male) |
| 2:34 | Create | Villager (Male) |
| 2:34 | Create | Villager (Male) |
| 3:03 | Create | Villager (Male) |
| 3:03 | Create | Villager (Male) |
| 3:32 | Create | Villager (Male) |
| 3:54 | Build | House |
| 3:56 | Build | House |
| 4:31 | Create | Villager (Male) |
| 4:31 | Create | Villager (Male) |
| 5:21 | Create | Villager (Male) |
| 5:21 | Create | Villager (Male) |
| 6:17 | Create | Villager (Male) |
| 6:18 | Create | Villager (Male) |
| 6:18 | Create | Villager (Male) |
| 7:19 | Build | Outpost |
| 8:05 | Build | Barracks |
| 8:26 | Create | Villager (Male) |
| 8:27 | Create | Villager (Male) |
| 8:44 | Build | Mill |
| 9:02 | Create | Militia |
| 9:02 | Create | Militia |
| 9:03 | Create | Militia |
| 9:03 | Create | Militia |
| 9:24 | Build | House |
| 9:27 | Build | House |
| 10:26 | Build | Lumber Camp |
| 10:30 | Create | Villager (Male) |
| 10:30 | Create | Villager (Male) |
| 10:30 | Create | Villager (Male) |
| 10:31 | Create | Villager (Male) |
| 10:31 | Create | Villager (Male) |
| 10:41 | Build | House |
| 10:45 | Create | Militia |
| 11:16 | Create | Villager (Male) |
| 11:19 | Build | House |
| 11:51 | Create | Villager (Male) |
| 11:51 | Create | Villager (Male) |
| 11:51 | Create | Villager (Male) |
| 13:07 | Create | Villager (Male) |
| 13:07 | Create | Villager (Male) |
| 13:08 | Create | Villager (Male) |
| 13:13 | Create | Villager (Male) |
| 13:23 | Build | House |
| 13:31 | Build | House |
| 13:53 | Create | Villager (Male) |
| 13:54 | Create | Villager (Male) |
| 13:54 | Create | Villager (Male) |
| 13:54 | Create | Villager (Male) |
| 14:01 | Build | House |
| 14:25 | Create | Villager (Male) |
| 14:33 | Build | House |
| 15:23 | Build | House |
| 15:26 | Build | House |
| 15:28 | Build | House |
| 15:32 | Create | Villager (Male) |
| 15:32 | Create | Villager (Male) |
| 15:32 | Create | Villager (Male) |
| 15:33 | Create | Villager (Male) |
| 15:33 | Create | Villager (Male) |
| 15:33 | Create | Villager (Male) |
| 15:34 | Create | Villager (Male) |
| 16:46 | Create | Villager (Male) |
| 16:46 | Create | Villager (Male) |
| 17:20 | Build | Farm |
| 17:24 | Build | Farm |
| 17:27 | Build | Farm |
| 17:31 | Build | Farm |
| 17:37 | Build | Farm |
| 17:41 | Build | Farm |
| 17:43 | Build | Farm |
| 17:45 | Build | Farm |
| 17:47 | Build | Farm |
| 17:49 | Build | Farm |
| 17:53 | Build | Farm |
| 17:56 | Build | Farm |
| 17:58 | Build | Farm |
| 18:03 | Build | Farm |
| 18:06 | Build | Farm |
| 18:08 | Build | Farm |
| 18:11 | Build | Farm |
| 18:14 | Build | Farm |
| 18:18 | Build | Farm |
| 18:23 | Build | Farm |
| 18:27 | Build | Farm |
| 18:31 | Build | House |
| 19:07 | Build | Mining Camp |
| 19:35 | Build | Farm |
| 19:39 | Research | Feudal Age |
| 19:43 | Build | Farm |
| 19:55 | Build | Farm |
| 20:15 | Build | House |
| 20:16 | Build | House |
| 20:18 | Build | House |
| 20:19 | Build | House |
| 23:30 | Age | Feudal Age |
| 23:35 | Build | Market |
| 23:40 | Build | Blacksmith |
| 23:44 | Create | Villager (Male) |
| 23:44 | Create | Villager (Male) |
| 23:45 | Create | Villager (Male) |
| 23:45 | Create | Villager (Male) |
| 23:46 | Create | Villager (Male) |
| 24:08 | Build | Barracks |
| 24:10 | Build | Barracks |
| 24:12 | Build | Barracks |
| 24:13 | Build | Barracks |
| 24:16 | Build | Barracks |
| 24:21 | Create | Villager (Male) |
| 24:22 | Create | Villager (Male) |
| 24:23 | Create | Villager (Male) |
| 24:41 | Research | Gold Mining |
| 24:42 | Research | Stone Mining |
| 24:50 | Research | Horse Collar |
| 24:54 | Research | Double-Bit Axe |
| 25:12 | Create | Spearman |
| 25:12 | Create | Spearman |
| 25:13 | Create | Spearman |
| 25:13 | Create | Spearman |
| 25:20 | Create | Spearman |
| 25:44 | Research | Castle Age |
| 26:20 | Research | Man-at-Arms (upgrade) |
| 28:18 | Research | Forging |
| 28:18 | Research | Scale Mail Armor |
| 28:18 | Research | Scale Barding Armor |
| 28:18 | Research | Fletching |
| 28:18 | Research | Padded Archer Armor |
| 28:49 | Build | Barracks |
| 28:51 | Build | Barracks |
| 28:53 | Build | Barracks |
| 29:00 | Build | Barracks |
| 29:01 | Build | Barracks |
| 29:44 | Age | Castle Age |
| 29:54 | Build | Town Center |
| 30:02 | Create | Villager (Male) |
| 30:02 | Create | Villager (Male) |
| 30:02 | Create | Villager (Male) |
| 30:03 | Create | Villager (Male) |
| 30:03 | Create | Villager (Male) |
| 30:03 | Create | Villager (Male) |
| 30:04 | Create | Villager (Male) |
| 30:04 | Create | Villager (Male) |
| 30:08 | Create | Villager (Male) |
| 30:22 | Research | Long Swordsman (upgrade) |
Build order — Koniek
First 150 of 392 actions detected
| 0:02 | Create | Villager (Male) |
| 0:02 | Create | Villager (Male) |
| 0:02 | Create | Villager (Male) |
| 0:03 | Build | House |
| 0:05 | Build | House |
| 0:07 | Create | Villager (Male) |
| 0:07 | Create | Villager (Male) |
| 0:50 | Research | Loom |
| 0:52 | Create | Villager (Male) |
| 0:53 | Create | Villager (Male) |
| 1:15 | Build | Palisade Wall |
| 1:47 | Create | Villager (Male) |
| 2:18 | Create | Villager (Male) |
| 2:42 | Create | Villager (Male) |
| 3:17 | Create | Villager (Male) |
| 3:32 | Build | House |
| 3:45 | Create | Villager (Male) |
| 4:19 | Build | Lumber Camp |
| 4:36 | Create | Villager (Male) |
| 4:36 | Create | Villager (Male) |
| 5:09 | Create | Villager (Male) |
| 5:09 | Create | Villager (Male) |
| 6:25 | Build | Mill |
| 7:10 | Create | Villager (Male) |
| 7:31 | Create | Villager (Male) |
| 7:31 | Create | Villager (Male) |
| 7:32 | Create | Villager (Male) |
| 7:42 | Create | Villager (Male) |
| 7:43 | Create | Villager (Male) |
| 7:43 | Create | Villager (Male) |
| 7:49 | Build | House |
| 8:47 | Build | House |
| 8:53 | Create | Villager (Male) |
| 9:09 | Build | Mining Camp |
| 9:20 | Build | House |
| 9:40 | Create | Villager (Male) |
| 10:08 | Build | Mill |
| 10:31 | Build | Palisade Wall |
| 11:07 | Build | House |
| 11:11 | Build | House |
| 11:18 | Build | House |
| 11:55 | Build | House |
| 11:58 | Build | House |
| 12:06 | Build | House |
| 12:09 | Build | House |
| 12:36 | Research | Feudal Age |
| 12:49 | Build | House |
| 13:36 | Build | Barracks |
| 13:43 | Create | Villager (Male) |
| 13:44 | Create | Villager (Male) |
| 13:44 | Create | Villager (Male) |
| 13:52 | Build | Lumber Camp |
| 14:46 | Age | Feudal Age |
| 15:38 | Build | Archery Range |
| 15:40 | Create | Villager (Male) |
| 15:40 | Create | Villager (Male) |
| 15:47 | Build | House |
| 15:55 | Create | Villager (Male) |
| 16:06 | Create | Archer |
| 16:07 | Create | Archer |
| 16:07 | Create | Archer |
| 16:18 | Build | House |
| 16:27 | Create | Villager (Male) |
| 16:27 | Create | Villager (Male) |
| 16:45 | Build | Farm |
| 16:46 | Build | Farm |
| 17:09 | Create | Villager (Male) |
| 17:09 | Create | Villager (Male) |
| 17:24 | Build | Farm |
| 17:28 | Build | Farm |
| 17:32 | Build | Farm |
| 17:39 | Build | Farm |
| 18:36 | Build | Farm |
| 18:37 | Build | Farm |
| 18:38 | Build | Farm |
| 18:40 | Build | Farm |
| 18:41 | Build | Farm |
| 18:50 | Research | Double-Bit Axe |
| 18:53 | Build | Farm |
| 19:03 | Build | Farm |
| 19:28 | Create | Villager (Male) |
| 19:28 | Create | Villager (Male) |
| 19:45 | Build | Market |
| 20:05 | Build | Blacksmith |
| 20:49 | Build | Farm |
| 20:57 | Research | Castle Age |
| 21:16 | Create | Villager (Male) |
| 21:16 | Create | Villager (Male) |
| 22:20 | Create | Villager (Male) |
| 22:21 | Create | Villager (Male) |
| 22:26 | Research | Wheelbarrow |
| 22:46 | Build | Mining Camp |
| 23:37 | Age | Castle Age |
| 23:40 | Build | Town Center |
| 23:56 | Build | Town Center |
| 24:13 | Create | Villager (Male) |
| 24:13 | Create | Villager (Male) |
| 24:14 | Create | Villager (Male) |
| 24:23 | Create | Villager (Male) |
| 24:23 | Create | Villager (Male) |
| 24:41 | Build | University |
| 24:43 | Create | Villager (Male) |
| 24:43 | Create | Villager (Male) |
| 24:44 | Create | Villager (Male) |
| 24:44 | Create | Villager (Male) |
| 24:44 | Create | Villager (Male) |
| 24:44 | Create | Villager (Male) |
| 24:45 | Create | Villager (Male) |
| 24:49 | Build | Farm |
| 24:50 | Build | Farm |
| 24:51 | Build | Farm |
| 24:53 | Build | Farm |
| 24:54 | Build | Farm |
| 24:58 | Create | Villager (Male) |
| 24:58 | Create | Villager (Male) |
| 25:26 | Create | Villager (Male) |
| 25:27 | Create | Villager (Male) |
| 25:27 | Create | Villager (Male) |
| 25:27 | Create | Villager (Male) |
| 25:28 | Create | Villager (Male) |
| 25:32 | Build | Farm |
| 25:34 | Create | Villager (Male) |
| 25:38 | Create | Villager (Male) |
| 25:38 | Create | Villager (Male) |
| 25:53 | Build | Monastery |
| 26:15 | Research | Bow Saw |
| 26:18 | Create | Villager (Male) |
| 26:18 | Create | Villager (Male) |
| 26:19 | Create | Villager (Male) |
| 26:23 | Build | Farm |
| 27:07 | Build | Farm |
| 27:15 | Research | Stone Mining |
| 27:20 | Research | Gold Mining |
| 27:22 | Create | Villager (Male) |
| 27:22 | Create | Villager (Male) |
| 27:26 | Create | Villager (Male) |
| 27:26 | Create | Villager (Male) |
| 27:27 | Create | Villager (Male) |
| 27:30 | Create | Villager (Male) |
| 27:30 | Create | Villager (Male) |
| 27:31 | Create | Villager (Male) |
| 27:42 | Create | Monk |
| 27:50 | Create | Trade Cart |
| 27:53 | Create | Villager (Male) |
| 27:54 | Create | Villager (Male) |
| 27:54 | Create | Villager (Male) |
| 28:01 | Create | Villager (Male) |
| 28:01 | Create | Villager (Male) |
| 28:05 | Create | Villager (Male) |
| 28:49 | Research | Ballistics |
Build order — SirWizardBob
First 150 of 163 actions detected
| 0:10 | Build | House |
| 0:27 | Build | Palisade Wall |
| 0:38 | Build | House |
| 0:39 | Create | Villager (Male) |
| 0:39 | Create | Villager (Male) |
| 0:39 | Create | Villager (Male) |
| 0:40 | Create | Villager (Male) |
| 4:30 | Create | Villager (Male) |
| 4:30 | Create | Villager (Male) |
| 4:31 | Create | Villager (Male) |
| 4:31 | Create | Villager (Male) |
| 5:25 | Build | Palisade Wall |
| 7:15 | Create | Villager (Male) |
| 7:15 | Create | Villager (Male) |
| 7:58 | Build | Palisade Wall |
| 9:01 | Build | Lumber Camp |
| 10:07 | Build | Lumber Camp |
| 10:29 | Create | Villager (Male) |
| 10:29 | Create | Villager (Male) |
| 10:29 | Create | Villager (Male) |
| 10:30 | Create | Villager (Male) |
| 12:09 | Build | Palisade Wall |
| 13:31 | Build | Barracks |
| 13:38 | Build | House |
| 13:41 | Build | House |
| 14:46 | Build | Building 804 |
| 15:53 | Research | Feudal Age |
| 18:31 | Research | Man-at-Arms (upgrade) |
| 18:37 | Create | Villager (Male) |
| 18:37 | Create | Villager (Male) |
| 19:59 | Build | Watch Tower |
| 20:19 | Create | Villager (Male) |
| 21:52 | Build | Mining Camp |
| 22:10 | Create | Villager (Male) |
| 22:10 | Create | Villager (Male) |
| 22:10 | Create | Villager (Male) |
| 22:11 | Create | Villager (Male) |
| 22:11 | Create | Villager (Male) |
| 22:19 | Build | Mining Camp |
| 22:38 | Build | Stone Wall |
| 23:05 | Build | Mill |
| 24:13 | Build | Farm |
| 24:14 | Build | Farm |
| 24:15 | Build | Farm |
| 24:19 | Build | Farm |
| 24:31 | Build | Farm |
| 24:32 | Build | Farm |
| 25:22 | Build | Blacksmith |
| 25:51 | Create | Villager (Male) |
| 25:51 | Create | Villager (Male) |
| 26:14 | Build | Market |
| 26:52 | Build | Farm |
| 26:55 | Build | Farm |
| 27:41 | Create | Villager (Male) |
| 27:41 | Create | Villager (Male) |
| 28:02 | Build | House |
| 28:05 | Build | House |
| 28:19 | Build | Farm |
| 28:55 | Research | Castle Age |
| 29:07 | Build | House |
| 29:55 | Research | Stone Mining |
| 29:56 | Research | Gold Mining |
| 30:37 | Research | Double-Bit Axe |
| 31:57 | Build | Castle |
| 32:06 | Create | Villager (Male) |
| 32:06 | Create | Villager (Male) |
| 32:07 | Create | Villager (Male) |
| 32:07 | Create | Villager (Male) |
| 32:08 | Create | Villager (Male) |
| 32:10 | Create | Villager (Male) |
| 33:22 | Build | University |
| 33:31 | Build | Monastery |
| 34:05 | Build | Farm |
| 35:31 | Create | Organ Gun |
| 35:31 | Create | Organ Gun |
| 35:36 | Create | Villager (Male) |
| 35:37 | Create | Villager (Male) |
| 35:38 | Create | Villager (Male) |
| 35:39 | Create | Villager (Male) |
| 35:39 | Create | Villager (Male) |
| 35:39 | Create | Villager (Male) |
| 36:46 | Create | Monk |
| 36:46 | Create | Monk |
| 37:00 | Create | Organ Gun |
| 37:02 | Create | Organ Gun |
| 37:19 | Build | House |
| 37:22 | Build | House |
| 37:26 | Build | House |
| 38:13 | Create | Organ Gun |
| 38:26 | Research | Horse Collar |
| 40:16 | Research | Ballistics |
| 41:02 | Build | Stone Wall |
| 41:09 | Build | Farm |
| 41:56 | Research | Fortified Wall (upgrade) |
| 42:19 | Create | Organ Gun |
| 42:22 | Create | Organ Gun |
| 42:24 | Create | Organ Gun |
| 42:50 | Research | Imperial Age |
| 43:05 | Create | Organ Gun |
| 43:59 | Build | Stable |
| 44:07 | Build | Stable |
| 44:26 | Build | Mining Camp |
| 45:08 | Research | Bloodlines |
| 46:05 | Research | Cavalier (upgrade) |
| 46:06 | Create | Knight |
| 46:06 | Create | Knight |
| 46:06 | Create | Knight |
| 46:37 | Build | House |
| 46:38 | Build | House |
| 46:39 | Build | House |
| 46:42 | Build | House |
| 46:49 | Build | House |
| 46:50 | Build | House |
| 48:15 | Build | Feitoria |
| 48:44 | Build | House |
| 49:11 | Create | Knight |
| 49:11 | Create | Knight |
| 49:24 | Build | Feitoria |
| 49:31 | Build | House |
| 49:35 | Build | House |
| 49:38 | Build | House |
| 49:41 | Build | House |
| 50:52 | Create | Knight |
| 50:53 | Create | Knight |
| 54:57 | Build | Stone Wall |
| 55:14 | Build | House |
| 56:02 | Build | Mining Camp |
| 57:24 | Build | Town Center |
| 58:39 | Build | House |
| 58:41 | Build | House |
| 58:44 | Build | House |
| 58:47 | Build | House |
| 59:57 | Build | Feitoria |
| 61:01 | Build | House |
| 61:03 | Build | House |
| 61:04 | Build | House |
| 61:06 | Build | House |
| 61:07 | Build | House |
| 63:03 | Build | Feitoria |
| 64:23 | Build | House |
| 64:24 | Build | House |
| 64:26 | Build | House |
| 64:28 | Build | House |
| 64:29 | Build | House |
| 64:34 | Build | House |
| 64:35 | Build | House |
| 64:37 | Build | House |
| 64:40 | Build | House |
| 65:53 | Build | Market |
| 66:38 | Build | Stone Wall |
Build order — sheldongriffinjohnson
First 150 of 567 actions detected
| 0:12 | Create | Villager (Male) |
| 0:12 | Create | Villager (Male) |
| 0:13 | Create | Villager (Male) |
| 0:13 | Create | Villager (Male) |
| 0:13 | Create | Villager (Male) |
| 0:23 | Build | House |
| 0:26 | Build | House |
| 2:09 | Create | Villager (Male) |
| 3:04 | Create | Villager (Male) |
| 3:05 | Create | Villager (Male) |
| 3:07 | Create | Villager (Male) |
| 3:21 | Build | Mill |
| 4:44 | Create | Villager (Male) |
| 6:33 | Create | Villager (Male) |
| 7:38 | Build | Barracks |
| 7:43 | Create | Villager (Male) |
| 8:30 | Research | Feudal Age |
| 8:58 | Build | House |
| 9:00 | Build | House |
| 9:03 | Build | House |
| 10:02 | Create | Villager (Male) |
| 10:02 | Create | Villager (Male) |
| 10:02 | Create | Villager (Male) |
| 10:03 | Create | Villager (Male) |
| 10:03 | Create | Villager (Male) |
| 10:03 | Create | Villager (Male) |
| 10:04 | Create | Villager (Male) |
| 10:04 | Create | Villager (Male) |
| 10:33 | Build | Lumber Camp |
| 10:40 | Age | Feudal Age |
| 12:08 | Build | Mining Camp |
| 13:27 | Build | Archery Range |
| 13:35 | Create | Flemish Militia |
| 13:35 | Create | Flemish Militia |
| 13:36 | Create | Flemish Militia |
| 13:36 | Create | Flemish Militia |
| 14:15 | Build | Mining Camp |
| 14:27 | Create | Villager (Male) |
| 14:27 | Create | Villager (Male) |
| 14:27 | Create | Villager (Male) |
| 14:28 | Create | Villager (Male) |
| 14:28 | Create | Villager (Male) |
| 15:26 | Build | Farm |
| 15:28 | Build | Farm |
| 15:36 | Build | House |
| 15:39 | Build | House |
| 16:23 | Create | Villager (Male) |
| 16:40 | Build | Market |
| 18:54 | Build | Blacksmith |
| 19:05 | Build | Farm |
| 19:07 | Build | Farm |
| 19:08 | Build | Farm |
| 19:43 | Research | Castle Age |
| 20:15 | Build | Farm |
| 20:20 | Research | Double-Bit Axe |
| 20:25 | Research | Horse Collar |
| 20:50 | Create | Flemish Militia |
| 20:50 | Create | Flemish Militia |
| 20:51 | Create | Flemish Militia |
| 21:11 | Build | Farm |
| 21:27 | Build | Farm |
| 21:29 | Build | Farm |
| 21:42 | Build | Farm |
| 22:23 | Age | Castle Age |
| 22:36 | Build | Stable |
| 22:49 | Create | Villager (Male) |
| 22:50 | Create | Villager (Male) |
| 22:50 | Create | Villager (Male) |
| 22:50 | Create | Villager (Male) |
| 22:50 | Create | Villager (Male) |
| 22:51 | Create | Villager (Male) |
| 22:51 | Create | Villager (Male) |
| 23:01 | Research | Bow Saw |
| 23:42 | Build | House |
| 23:44 | Build | House |
| 23:46 | Build | House |
| 23:49 | Build | House |
| 24:03 | Create | Knight |
| 24:03 | Create | Knight |
| 24:03 | Create | Knight |
| 24:06 | Create | Knight |
| 24:33 | Create | Villager (Male) |
| 24:34 | Create | Villager (Male) |
| 24:34 | Create | Villager (Male) |
| 24:34 | Create | Villager (Male) |
| 24:34 | Create | Villager (Male) |
| 24:34 | Create | Villager (Male) |
| 25:16 | Build | Town Center |
| 25:43 | Create | Trade Cart |
| 26:04 | Build | Lumber Camp |
| 26:18 | Build | House |
| 26:20 | Build | House |
| 26:22 | Build | House |
| 26:25 | Build | House |
| 26:26 | Build | House |
| 26:28 | Build | House |
| 26:30 | Build | House |
| 26:33 | Build | House |
| 27:17 | Create | Villager (Male) |
| 27:18 | Create | Villager (Male) |
| 27:18 | Create | Villager (Male) |
| 27:18 | Create | Villager (Male) |
| 27:18 | Create | Villager (Male) |
| 27:27 | Create | Villager (Male) |
| 27:28 | Create | Villager (Male) |
| 27:28 | Create | Villager (Male) |
| 27:36 | Research | Scale Mail Armor |
| 27:49 | Build | Farm |
| 27:51 | Build | Farm |
| 27:52 | Build | Farm |
| 28:09 | Create | Trade Cart |
| 28:11 | Create | Trade Cart |
| 28:13 | Create | Trade Cart |
| 28:15 | Create | Trade Cart |
| 28:25 | Create | Flemish Militia |
| 28:25 | Create | Flemish Militia |
| 28:25 | Create | Flemish Militia |
| 28:56 | Research | Cavalier (upgrade) |
| 29:15 | Build | Castle |
| 30:05 | Build | Farm |
| 30:07 | Build | Farm |
| 30:08 | Build | Farm |
| 30:10 | Build | Farm |
| 30:12 | Build | Farm |
| 30:13 | Build | Farm |
| 30:15 | Build | Farm |
| 30:16 | Build | Farm |
| 30:21 | Create | Villager (Male) |
| 30:21 | Create | Villager (Male) |
| 30:21 | Create | Villager (Male) |
| 30:21 | Create | Villager (Male) |
| 30:22 | Create | Villager (Male) |
| 30:22 | Create | Villager (Male) |
| 30:22 | Create | Villager (Male) |
| 30:27 | Create | Villager (Male) |
| 30:28 | Create | Villager (Male) |
| 30:48 | Create | Villager (Male) |
| 30:48 | Create | Villager (Male) |
| 30:48 | Create | Villager (Male) |
| 31:03 | Create | Trade Cart |
| 31:05 | Create | Trade Cart |
| 31:06 | Create | Trade Cart |
| 31:07 | Create | Trade Cart |
| 31:10 | Create | Trade Cart |
| 31:18 | Research | Heavy Plow |
| 31:46 | Build | House |
| 31:54 | Create | Knight |
| 31:54 | Create | Knight |
| 32:22 | Build | Farm |
| 32:23 | Build | Farm |
Build order — guozitao1022
First 150 of 410 actions detected
| 0:04 | Create | Villager (Male) ×4 |
| 0:04 | Create | Villager (Male) ×4 |
| 0:08 | Build | House |
| 1:21 | Build | House |
| 1:54 | Research | Loom |
| 2:26 | Build | House |
| 2:27 | Build | House |
| 2:31 | Create | Villager (Male) |
| 2:31 | Create | Villager (Male) |
| 3:03 | Create | Villager (Male) |
| 3:04 | Create | Villager (Male) |
| 3:04 | Create | Villager (Male) |
| 3:49 | Build | Mill |
| 3:52 | Create | Villager (Male) ×2 |
| 4:36 | Create | Villager (Male) ×2 |
| 5:17 | Create | Villager (Male) ×2 |
| 7:46 | Create | Villager (Male) |
| 7:46 | Create | Villager (Male) |
| 7:47 | Create | Villager (Male) |
| 7:47 | Create | Villager (Male) |
| 7:48 | Create | Villager (Male) |
| 7:48 | Create | Villager (Male) |
| 7:48 | Create | Villager (Male) |
| 8:40 | Create | Villager (Male) |
| 9:10 | Create | Villager (Male) |
| 9:51 | Create | Villager (Male) |
| 10:01 | Build | Lumber Camp |
| 10:52 | Research | Feudal Age |
| 11:14 | Build | House |
| 12:06 | Create | Villager (Male) |
| 12:06 | Create | Villager (Male) |
| 12:25 | Build | Mill |
| 12:35 | Build | Mining Camp |
| 12:38 | Create | Villager (Male) |
| 13:41 | Age | Feudal Age |
| 13:46 | Research | Double-Bit Axe |
| 13:46 | Research | Double-Bit Axe |
| 13:49 | Create | Villager (Male) |
| 13:49 | Create | Villager (Male) |
| 14:55 | Create | Villager (Male) |
| 15:10 | Build | Barracks |
| 15:46 | Build | House |
| 15:56 | Build | Mining Camp |
| 16:12 | Research | Tech 1014 |
| 16:37 | Create | Villager (Male) |
| 16:37 | Create | Villager (Male) |
| 16:37 | Create | Villager (Male) |
| 16:38 | Create | Villager (Male) |
| 16:39 | Create | Villager (Male) |
| 17:01 | Build | Stable |
| 17:36 | Build | Archery Range |
| 17:50 | Build | House |
| 18:05 | Research | Gold Mining |
| 18:14 | Build | House |
| 18:45 | Research | Stone Mining |
| 19:00 | Build | Blacksmith |
| 19:36 | Build | Blacksmith |
| 19:50 | Research | Castle Age |
| 19:50 | Research | Castle Age |
| 20:52 | Build | Pasture |
| 20:59 | Build | Pasture |
| 21:08 | Build | Pasture |
| 21:14 | Build | Pasture |
| 21:31 | Build | Pasture |
| 21:36 | Build | Pasture |
| 21:42 | Create | Villager (Male) |
| 21:43 | Create | Villager (Male) |
| 21:43 | Create | Villager (Male) |
| 21:54 | Research | Fletching |
| 21:55 | Research | Forging |
| 22:21 | Create | Villager (Male) |
| 22:30 | Age | Castle Age |
| 22:36 | Build | Town Center |
| 22:39 | Create | Villager (Male) |
| 22:39 | Create | Villager (Male) |
| 22:59 | Research | Bow Saw |
| 22:59 | Research | Bow Saw |
| 23:07 | Research | Squires |
| 23:32 | Create | Villager (Male) |
| 23:42 | Build | Town Center |
| 23:47 | Create | Villager (Male) |
| 24:21 | Create | Villager (Male) |
| 24:22 | Create | Villager (Male) |
| 24:22 | Create | Villager (Male) |
| 24:31 | Build | Pasture |
| 24:42 | Build | Pasture |
| 24:51 | Create | Villager (Male) |
| 24:52 | Create | Villager (Male) |
| 25:07 | Build | Monastery |
| 25:12 | Create | Villager (Male) |
| 25:12 | Create | Villager (Male) |
| 25:28 | Create | Villager (Male) |
| 25:28 | Create | Villager (Male) |
| 25:43 | Create | Monk |
| 25:55 | Build | House |
| 26:04 | Build | University |
| 26:07 | Research | Gambesons |
| 26:07 | Research | Arson |
| 26:12 | Create | Villager (Male) |
| 26:12 | Create | Villager (Male) |
| 26:12 | Create | Villager (Male) |
| 26:16 | Research | Stone Shaft Mining |
| 26:16 | Research | Stone Shaft Mining |
| 26:21 | Research | Fletching |
| 26:28 | Create | Villager (Male) |
| 26:37 | Build | Pasture |
| 27:07 | Create | Villager (Male) |
| 27:12 | Research | Wheelbarrow |
| 27:13 | Create | Villager (Male) |
| 27:13 | Create | Villager (Male) |
| 27:14 | Create | Villager (Male) |
| 27:41 | Research | Pikeman (upgrade) |
| 27:52 | Research | Treadmill Crane |
| 27:55 | Create | Villager (Male) |
| 27:55 | Create | Villager (Male) |
| 27:56 | Create | Villager (Male) |
| 28:08 | Build | House |
| 28:12 | Build | House |
| 28:12 | Build | House |
| 28:21 | Create | Villager (Male) |
| 28:38 | Research | Ballistics |
| 28:39 | Research | Murder Holes |
| 28:40 | Research | Fortified Wall (upgrade) |
| 28:49 | Build | House |
| 28:49 | Build | House |
| 28:56 | Create | Monk |
| 29:05 | Create | Villager (Male) |
| 29:06 | Create | Villager (Male) |
| 29:09 | Research | Tech 1013 |
| 29:18 | Build | Pasture |
| 29:19 | Build | Pasture |
| 29:42 | Create | Villager (Male) |
| 29:45 | Create | Villager (Male) |
| 29:45 | Create | Villager (Male) |
| 29:48 | Create | Villager (Male) |
| 29:48 | Create | Villager (Male) |
| 30:20 | Research | Husbandry |
| 30:46 | Build | Market |
| 30:51 | Create | Villager (Male) |
| 30:52 | Create | Villager (Male) |
| 30:52 | Create | Villager (Male) |
| 31:11 | Build | Siege Workshop |
| 31:22 | Build | Town Center |
| 31:28 | Create | Villager (Male) |
| 31:39 | Create | Villager (Male) |
| 32:01 | Build | House |
| 32:01 | Build | House |
| 32:08 | Create | Villager (Male) |
| 32:08 | Create | Villager (Male) |
| 32:08 | Create | Villager (Male) |
Build order — Sharif Abbas
First 150 of 362 actions detected
| 0:02 | Create | Villager (Male) ×4 |
| 0:02 | Create | Villager (Male) ×4 |
| 0:08 | Build | House |
| 0:09 | Build | House |
| 1:16 | Build | Palisade Wall |
| 2:14 | Create | Villager (Male) |
| 2:14 | Create | Villager (Male) |
| 2:14 | Create | Villager (Male) |
| 2:14 | Create | Villager (Male) |
| 2:15 | Create | Villager (Male) |
| 2:40 | Create | Villager (Male) |
| 2:41 | Create | Villager (Male) |
| 2:41 | Create | Villager (Male) |
| 3:34 | Create | Villager (Male) ×3 |
| 3:34 | Create | Villager (Male) ×3 |
| 3:34 | Create | Villager (Male) ×3 |
| 4:52 | Research | Loom |
| 4:56 | Create | Villager (Male) ×2 |
| 4:56 | Create | Villager (Male) ×2 |
| 4:56 | Create | Villager (Male) ×2 |
| 5:03 | Build | House |
| 5:04 | Build | House |
| 5:57 | Create | Villager (Male) |
| 5:57 | Create | Villager (Male) |
| 5:57 | Create | Villager (Male) |
| 7:36 | Build | House |
| 7:41 | Build | House |
| 7:43 | Build | House |
| 7:46 | Build | House |
| 7:55 | Create | Villager (Male) ×5 |
| 7:56 | Create | Villager (Male) ×5 |
| 7:56 | Create | Villager (Male) ×2 |
| 7:56 | Create | Villager (Male) ×2 |
| 8:25 | Build | Mill |
| 10:06 | Build | Lumber Camp |
| 10:54 | Research | Feudal Age |
| 13:04 | Age | Feudal Age |
| 13:16 | Build | Blacksmith |
| 13:31 | Build | Market |
| 13:48 | Research | Wheelbarrow |
| 15:20 | Build | Farm |
| 15:20 | Build | Farm |
| 15:20 | Build | Farm |
| 15:20 | Build | Farm |
| 15:21 | Build | Farm |
| 15:21 | Build | Farm |
| 15:21 | Build | Farm |
| 15:22 | Build | Farm |
| 15:22 | Build | Farm |
| 15:22 | Build | Farm |
| 15:24 | Build | Farm |
| 15:25 | Build | Farm |
| 18:28 | Research | Castle Age |
| 19:36 | Research | Double-Bit Axe |
| 19:39 | Research | Horse Collar |
| 19:44 | Research | Forging |
| 21:08 | Age | Castle Age |
| 21:17 | Build | Town Center |
| 21:21 | Research | Hand Cart |
| 21:41 | Build | Town Center |
| 21:48 | Create | Villager (Male) |
| 21:49 | Create | Villager (Male) |
| 21:51 | Create | Villager (Male) |
| 21:51 | Create | Villager (Male) |
| 21:52 | Create | Villager (Male) |
| 23:24 | Create | Villager (Male) ×5 |
| 23:25 | Create | Villager (Male) ×5 |
| 23:25 | Create | Villager (Male) ×4 |
| 23:25 | Create | Villager (Male) ×4 |
| 23:39 | Create | Villager (Male) ×5 |
| 23:40 | Create | Villager (Male) ×5 |
| 23:40 | Create | Villager (Male) ×5 |
| 23:40 | Create | Villager (Male) |
| 23:49 | Create | Villager (Male) ×2 |
| 23:50 | Create | Villager (Male) ×2 |
| 24:12 | Create | Trade Cart ×3 |
| 24:13 | Create | Trade Cart ×3 |
| 24:48 | Build | House |
| 24:52 | Build | House |
| 24:55 | Build | House |
| 24:57 | Build | House |
| 24:59 | Build | House |
| 25:13 | Create | Villager (Male) ×5 |
| 25:13 | Create | Villager (Male) ×5 |
| 25:13 | Create | Villager (Male) ×5 |
| 25:22 | Create | Villager (Male) |
| 25:23 | Create | Villager (Male) |
| 25:23 | Create | Villager (Male) |
| 25:46 | Create | Villager (Male) ×4 |
| 25:46 | Create | Villager (Male) ×4 |
| 25:56 | Create | Villager (Male) |
| 25:56 | Create | Villager (Male) |
| 25:56 | Create | Villager (Male) |
| 26:15 | Create | Villager (Male) |
| 26:15 | Create | Villager (Male) |
| 26:16 | Create | Villager (Male) |
| 26:31 | Build | Barracks |
| 26:47 | Build | Monastery |
| 26:57 | Create | Villager (Male) ×3 |
| 26:57 | Create | Villager (Male) ×3 |
| 27:04 | Create | Villager (Male) |
| 27:05 | Create | Villager (Male) |
| 27:05 | Create | Villager (Male) |
| 27:15 | Build | Farm |
| 27:15 | Build | Farm |
| 27:16 | Build | Farm |
| 27:16 | Build | Farm |
| 27:17 | Build | Farm |
| 27:17 | Build | Farm |
| 27:17 | Build | Farm |
| 27:17 | Build | Farm |
| 27:18 | Build | Farm |
| 27:18 | Build | Farm |
| 27:18 | Build | Farm |
| 27:28 | Create | Villager (Male) |
| 27:28 | Create | Villager (Male) |
| 27:47 | Create | Monk |
| 29:00 | Build | Stone Wall |
| 29:17 | Build | Stable |
| 29:26 | Create | Villager (Male) ×5 |
| 29:26 | Create | Villager (Male) ×5 |
| 29:27 | Create | Villager (Male) ×5 |
| 29:27 | Create | Villager (Male) ×5 |
| 29:27 | Create | Villager (Male) ×5 |
| 29:33 | Research | Scale Mail Armor |
| 29:33 | Research | Scale Mail Armor |
| 29:52 | Build | University |
| 30:21 | Build | Castle |
| 30:31 | Create | Villager (Male) ×5 |
| 30:32 | Create | Villager (Male) ×5 |
| 30:32 | Create | Villager (Male) ×5 |
| 30:32 | Create | Villager (Male) ×3 |
| 30:51 | Build | Farm |
| 30:51 | Build | Farm |
| 30:51 | Build | Farm |
| 30:52 | Build | Farm |
| 30:52 | Build | Farm |
| 30:52 | Build | Farm |
| 30:52 | Build | Farm |
| 30:53 | Build | Farm |
| 30:53 | Build | Farm |
| 30:53 | Build | Farm |
| 31:03 | Create | Camel Scout ×2 |
| 31:03 | Create | Camel Scout ×2 |
| 31:04 | Create | Camel Scout ×2 |
| 31:18 | Create | Villager (Male) ×5 |
| 31:19 | Create | Villager (Male) ×5 |
| 31:19 | Create | Villager (Male) |
| 31:19 | Create | Villager (Male) |
| 31:31 | Create | Villager (Male) |
Match timeline
| 0:27 | SirWizardBob · wall_segment Palisade Wall x17 |
| 1:10 | 429245220 · wall_segment Palisade Wall x12 |
| 1:15 | Koniek · wall_segment Palisade Wall x9 |
| 1:16 | Sharif Abbas · wall_segment Palisade Wall x10 |
| 1:32 | 429245220 · wall_segment Palisade Wall x10 |
| 2:33 | Uzkutzz. · wall_segment Palisade Wall x17 |
| 4:10 | 429245220 · wall_segment Palisade Wall x9 |
| 5:25 | SirWizardBob · wall_segment Palisade Wall x1 |
| 6:27 | Uzkutzz. · wall_segment Palisade Wall x1 |
| 7:38 | sheldongriffinjohnson · first_building Barracks |
| 7:58 | SirWizardBob · wall_segment Palisade Wall x10 |
| 8:05 | GULF · first_building Barracks |
| 10:31 | Koniek · wall_segment Palisade Wall x8 |
| 10:40 | sheldongriffinjohnson · age_up feudal |
| 11:58 | Uzkutzz. · age_up feudal |
| 11:58 | Uzkutzz. · first_building Barracks |
| 12:09 | SirWizardBob · wall_segment Palisade Wall x15 |
| 13:04 | Sharif Abbas · age_up feudal |
| 13:27 | sheldongriffinjohnson · first_building Archery Range |
| 13:31 | 429245220 · age_up feudal |
| 13:31 | SirWizardBob · first_building Barracks |
| 13:32 | 429245220 · first_building Barracks |
| 13:36 | Koniek · first_building Barracks |
| 13:41 | guozitao1022 · age_up feudal |
| 14:03 | Uzkutzz. · first_building Stable |
| 14:42 | 429245220 · wall_segment Stone Wall x13 |
| 14:46 | Koniek · age_up feudal |
| 15:10 | guozitao1022 · first_building Barracks |
| 15:38 | Koniek · first_building Archery Range |
| 17:01 | guozitao1022 · first_building Stable |
| 17:36 | guozitao1022 · first_building Archery Range |
| 18:22 | Sharif Abbas · first_market_sell 100 food |
| 19:33 | 429245220 · first_building Stable |
| 21:08 | Sharif Abbas · age_up castle |
| 22:11 | sheldongriffinjohnson · first_market_buy 100 stone |
| 22:23 | sheldongriffinjohnson · age_up castle |
| 22:30 | guozitao1022 · age_up castle |
| 22:36 | sheldongriffinjohnson · first_building Stable |
| 22:38 | SirWizardBob · wall_segment Stone Wall x9 |
| 23:12 | 429245220 · age_up castle |
| 23:19 | 429245220 · first_building Castle |
| 23:30 | GULF · age_up feudal |
| 23:37 | Koniek · age_up castle |
| 23:47 | Uzkutzz. · age_up castle |
| 24:32 | 429245220 · first_building Siege Workshop |
| 25:07 | guozitao1022 · first_building Monastery |
| 25:53 | Koniek · first_building Monastery |
| 26:20 | 429245220 · first_building Monastery |
| 26:31 | Sharif Abbas · first_building Barracks |
| 26:47 | Sharif Abbas · first_building Monastery |
| 27:02 | 429245220 · wall_segment Stone Wall x11 |
| 28:33 | SirWizardBob · first_market_sell 100 wood |
| 28:38 | SirWizardBob · first_market_buy 100 food |
| 29:00 | Sharif Abbas · wall_segment Stone Wall x13 |
| 29:11 | GULF · first_market_sell 100 stone |
| 29:14 | GULF · first_market_buy 100 wood |
| 29:15 | sheldongriffinjohnson · first_building Castle |
| 29:17 | Sharif Abbas · first_building Stable |
| 29:20 | 429245220 · wall_segment Stone Wall x18 |
| 29:44 | GULF · age_up castle |
| 30:21 | Sharif Abbas · first_building Castle |
| 30:54 | Koniek · first_market_sell 100 wood |
| 31:11 | guozitao1022 · first_building Siege Workshop |
| 31:26 | Koniek · first_building Castle |
| 31:57 | Koniek · first_building Stable |
| 31:57 | SirWizardBob · first_building Castle |
| 32:44 | Sharif Abbas · first_building Archery Range |
| 32:57 | Sharif Abbas · first_building Siege Workshop |
| 33:11 | Uzkutzz. · first_building Castle |
| 33:25 | GULF · wall_segment Stone Wall x24 |
| 33:31 | SirWizardBob · first_building Monastery |
| 34:11 | Koniek · age_up imperial |
| 35:02 | Uzkutzz. · first_building Siege Workshop |
| 35:48 | sheldongriffinjohnson · tribute_sent a jugador 1 |
| 35:48 | sheldongriffinjohnson · tribute_sent a jugador 2 |
| 35:48 | sheldongriffinjohnson · tribute_sent a jugador 3 |
| 35:48 | sheldongriffinjohnson · tribute_sent a jugador 4 |
| 35:48 | sheldongriffinjohnson · tribute_sent a jugador 6 |
| 35:48 | sheldongriffinjohnson · tribute_sent a jugador 7 |
| 35:48 | sheldongriffinjohnson · tribute_sent a jugador 8 |
| 36:34 | GULF · first_building Monastery |
| 37:25 | guozitao1022 · age_up imperial |
| 37:54 | 429245220 · age_up imperial |
| 38:24 | guozitao1022 · first_building Castle |
| 39:19 | sheldongriffinjohnson · age_up imperial |
| 39:50 | GULF · wall_segment Stone Wall x17 |
| 41:02 | SirWizardBob · wall_segment Stone Wall x15 |
| 41:11 | Sharif Abbas · age_up imperial |
| 41:15 | GULF · first_building Castle |
| 42:15 | guozitao1022 · wall_segment Stone Wall x5 |
| 42:22 | Uzkutzz. · age_up imperial |
| 42:55 | GULF · wall_segment Stone Wall x11 |
| 43:15 | GULF · age_up imperial |
| 43:59 | SirWizardBob · first_building Stable |
| 45:54 | GULF · wall_segment Stone Wall x8 |
| 46:59 | GULF · wall_segment Stone Wall x11 |
| 49:41 | GULF · wall_segment Stone Wall x9 |
| 50:26 | GULF · wall_segment Stone Wall x7 |
| 51:02 | guozitao1022 · tribute_sent a jugador 1 |
| 51:02 | guozitao1022 · tribute_sent a jugador 2 |
| 51:02 | guozitao1022 · tribute_sent a jugador 3 |
| 51:02 | guozitao1022 · tribute_sent a jugador 4 |
| 51:02 | guozitao1022 · tribute_sent a jugador 5 |
| 51:02 | guozitao1022 · tribute_sent a jugador 7 |
| 51:02 | guozitao1022 · tribute_sent a jugador 8 |
| 51:18 | SirWizardBob · tribute_sent a jugador 1 |
| 51:18 | SirWizardBob · tribute_sent a jugador 2 |
| 51:18 | SirWizardBob · tribute_sent a jugador 3 |
| 51:18 | SirWizardBob · tribute_sent a jugador 5 |
| 51:18 | SirWizardBob · tribute_sent a jugador 6 |
| 51:18 | SirWizardBob · tribute_sent a jugador 7 |
| 51:18 | SirWizardBob · tribute_sent a jugador 8 |
| 51:27 | SirWizardBob · tribute_sent a jugador 1 |
| 51:27 | SirWizardBob · tribute_sent a jugador 2 |
| 51:27 | SirWizardBob · tribute_sent a jugador 3 |
| 51:27 | SirWizardBob · tribute_sent a jugador 5 |
| 51:27 | SirWizardBob · tribute_sent a jugador 6 |
| 51:27 | SirWizardBob · tribute_sent a jugador 7 |
| 51:27 | SirWizardBob · tribute_sent a jugador 8 |
| 51:37 | Uzkutzz. · first_market_sell 100 wood |
| 52:33 | GULF · wall_segment Stone Wall x9 |
| 54:20 | GULF · wall_segment Stone Wall x6 |
| 54:57 | SirWizardBob · wall_segment Stone Wall x10 |
| 61:23 | sheldongriffinjohnson · tribute_sent a jugador 1 |
| 61:23 | sheldongriffinjohnson · tribute_sent a jugador 2 |
| 61:23 | sheldongriffinjohnson · tribute_sent a jugador 3 |
| 61:23 | sheldongriffinjohnson · tribute_sent a jugador 4 |
| 61:23 | sheldongriffinjohnson · tribute_sent a jugador 6 |
| 61:23 | sheldongriffinjohnson · tribute_sent a jugador 7 |
| 61:23 | sheldongriffinjohnson · tribute_sent a jugador 8 |
| 61:26 | GULF · resign |
| 65:45 | Koniek · first_market_buy 100 stone |
| 66:38 | SirWizardBob · wall_segment Stone Wall x14 |
| 67:38 | 429245220 · wall_segment Stone Wall x24 |
| 67:56 | 429245220 · first_market_sell 100 stone |
| 68:04 | Sharif Abbas · first_market_buy 500 stone |
| 68:15 | SirWizardBob · tribute_sent a jugador 1 |
| 68:15 | SirWizardBob · tribute_sent a jugador 2 |
| 68:15 | SirWizardBob · tribute_sent a jugador 3 |
| 68:15 | SirWizardBob · tribute_sent a jugador 5 |
| 68:15 | SirWizardBob · tribute_sent a jugador 6 |
| 68:15 | SirWizardBob · tribute_sent a jugador 7 |
| 68:15 | SirWizardBob · tribute_sent a jugador 8 |
| 68:33 | SirWizardBob · tribute_sent a jugador 1 |
| 68:33 | SirWizardBob · tribute_sent a jugador 2 |
| 68:33 | SirWizardBob · tribute_sent a jugador 3 |
| 68:33 | SirWizardBob · tribute_sent a jugador 5 |
| 68:33 | SirWizardBob · tribute_sent a jugador 6 |
| 68:33 | SirWizardBob · tribute_sent a jugador 7 |
| 68:33 | SirWizardBob · tribute_sent a jugador 8 |
| 68:57 | SirWizardBob · wall_segment Stone Wall x6 |
| 69:42 | guozitao1022 · first_market_sell 500 food |
| 69:50 | 429245220 · wall_segment Stone Wall x9 |
| 70:03 | 429245220 · wall_segment Palisade Wall x10 |
[ AI ANALYSIS · 1 CREDIT ]
What really happened in this match?
Wolo.gg analyzes every decision: build order, eco, micro, common mistakes by bracket. Personalized analysis on WhatsApp or Discord in 30 seconds.
Civ guide
Celts
Map guide
Black Forest
Perfil
429245220